 Dungeon Crawl Stone Soup version 0.18.1-48-g4cf74bf (webtiles) character file.

33116 Zerowithabang the Archer (level 13, -6/113 HPs)
             Began as a Centaur Hunter on June 30, 2016.
             Was the Champion of Makhleb.
             Shot with an arrow by Nessos (11 damage)
             ... on level 5 of the Lair of Beasts.
             The game lasted 02:19:09 (25054 turns).

Zerowithabang the Archer (Centaur Hunter)          Turns: 25054, Time: 02:19:10

Health: -6/113     AC: 13    Str: 26    XL:     13   Next: 35%
Magic:  30/30      EV: 13    Int: 12    God:    Makhleb [******]
Gold:   928        SH:  0    Dex: 14    Spells: 0 memorised, 12 levels left

rFire  + . .     SeeInvis +     a - +6 longbow (flame)
rCold  . . .     Gourm    .     K - +5 ring mail "Niroryen" {*Corrode rF+ MP+9 SInv}
rNeg   . . .     Faith    .     (shield currently unavailable)
rPois  .         Spirit   .     B - +0 helmet
rElec  .         Dismiss  .     u - +0 cloak
rCorr  .         Reflect  .     v - +1 pair of gloves
SustAt .         Harm     +     (no barding)
MR     +....                    z - amulet of harm
Stlth  +.........               g - ring of Spontaneous Combustion {Str+6 Int+2 Dex+4 SInv}
                                J - ring of protection from magic

@: lethally poisoned (-6 -> -11), about to teleport, corroded, very quick,
somewhat resistant to hostile enchantments, very unstealthy
A: hooves 3, deformed body, speed 2, tough skin 3
a: Minor Destruction, Lesser Servant of Makhleb, Major Destruction, Greater
Servant of Makhleb, Renounce Religion


You were on level 5 of the Lair of Beasts.
You worshipped Makhleb.
Makhleb was exalted by your worship.
You were not hungry.

You visited 2 branches of the dungeon, and saw 18 of its levels.

You collected 943 gold pieces.
You spent 15 gold pieces at shops.

Inventory:

Hand Weapons
 a - a +6 longbow of flaming (weapon)
 b - a +0 lajatang
Missiles
 d - 54 arrows (quivered)
Armour
 c - a +0 leather armour
 u - a +0 cloak (worn)
 v - a +1 pair of gloves (worn)
 B - a +0 helmet (worn)
 C - the +1 ring mail of Terror {rF+ MR- Int+7}
   (You took it off an orc on level 10 of the Dungeon)

   It affects your intelligence (+7).
   It protects you from fire.
   It affects your resistance to hostile enchantments.
 K - the +5 ring mail "Niroryen" (worn) {*Corrode rF+ MP+9 SInv}
   (You found it on level 5 of the Dungeon)

   It protects you from fire.
   It affects your magic capacity (+9).
   It lets you see invisible.
   It may corrode you when you take damage.
 Z - a +0 ring mail
Jewellery
 g - the ring of Spontaneous Combustion (right hand) {Str+6 Int+2 Dex+4 SInv}
   (You found it on level 1 of the Lair of Beasts)

   [ring of dexterity]

   It affects your strength (+6).
   It affects your intelligence (+2).
   It affects your dexterity (+4).
   It lets you see invisible.
 q - an uncursed amulet of the gourmand
 z - an amulet of harm (around neck)
 A - an uncursed ring of stealth
 D - an uncursed ring of poison resistance
 J - a ring of protection from magic (left hand)
 L - a +3 ring of dexterity
 N - a cursed ring of loudness {unknown}
 R - an uncursed ring of flight
 S - a +4 ring of strength {unknown}
Wands
 T - a wand of paralysis (14/24)
Scrolls
 h - 2 scrolls of brand weapon {unknown}
 j - 13 scrolls of identify
 o - 2 scrolls of enchant weapon
 r - 7 scrolls of remove curse
 s - 5 scrolls of recharging
 w - a scroll of teleportation
 y - 3 scrolls of fog
 I - a scroll of amnesia
 M - 2 scrolls of magic mapping
 V - a scroll of blinking
 W - 3 scrolls of immolation
Potions
 e - a potion of resistance
 i - 3 potions of might
 k - a potion of cure mutation
 l - 4 potions of berserk rage
 m - 5 potions of lignification
 n - 4 potions of brilliance
 p - 3 potions of agility
 t - a potion of curing
 x - 3 potions of haste
 G - 3 potions of magic
 O - 3 potions of flight
 U - 3 potions of mutation
 X - 3 potions of heal wounds {unknown}
Comestibles
 f - 13 bread rations
 E - 8 fruits
 P - a meat ration


   Skills:
 + Level 10.3 Fighting
   Level 0.3 Short Blades
   Level 8.3(8.5) Maces & Flails
   Level 3.1(3.5) Polearms
 + Level 2.4(6.2) Staves
 + Level 10.7 Bows
 + Level 7.0 Armour
 + Level 7.9 Dodging
 - Level 0.8 Stealth
 + Level 10.7 Invocations


You had 12 spell levels left.
You didn't know any spells.

Dungeon Overview and Level Annotations

Branches:
Dungeon (13/15)            Temple (0/1) D:4            Lair (5/8) D:8
 Shoals (0/4) Lair:3          Orc (0/2) D:11
  Snake: Lair:3-6    Spider: Lair:3-6    Vaults: D:13-14

Altars:
Ashenzari
Elyvilon
Kikubaaqudgha
Makhleb
Pakellas
Sif Muna
Trog
Yredelemnul
Zin

Shops:
D:8 }   D:11 %   D:12 *

Annotations:
D:3 Turgon's ghost, amateur TrFi
Lair:5 Nessos


Innate Abilities, Weirdness & Mutations

You have hooves in place of feet.
Armour fits poorly on your strangely shaped body.
You cover ground very quickly.
You have extremely tough skin (AC +3).


Message History

You feel better.
Nessos burns!
Nessos shoots an arrow.
The arrow hits you but does no damage.
As you read the scroll of teleportation, it crumbles to dust.
You feel strangely unstable. Something hits your smoke demon!
Nessos burns!
Nessos stops burning.
Nessos wields a longbow of flaming.
It bursts into flame!
Nessos shoots an arrow.
The arrow hits your smoke demon! The arrow burns your smoke demon.
Your smoke demon is poisoned.
Your smoke demon hits Nessos but does no damage.
Your smoke demon hits Nessos. x2
Nessos unwields an uncursed longbow of flaming.
It stops flaming.
Nessos barely misses your smoke demon. Nessos hits your smoke demon!
Your smoke demon dies!
Nessos wields an uncursed longbow of flaming.
It bursts into flame!
Nessos shoots an arrow.
The arrow hits you!
* * * LOW HITPOINT WARNING * * *
You are lethally poisoned!
Nessos shoots an arrow.
The arrow hits you!
You die...

.......P###.....#P......†.†......
...##..####...####....###<÷..<...
... #..#.##..### #..P###PP.......
.P# #...# #....# #...###PP.......
.# #..####..#####..P.##.........
.. ###....#..##.......#..........
.P #...........(...............†.
.# ##......#..#..((c....#.##.....
.####...#P##..##@##......##......
..##....###....######.#####P.....
.......## #P..#. .c# #......
..P.....# #....# .#(# #......
..#.##.## #)... ..## ##.....
.#### ..# .P.## .. #...... .# ..#
... #P.....# .# ... ...().....##
.# .#. P..#.P...##


You could see Nessos.

Vanquished Creatures
  Erica (D:10)
  5 death yaks (Lair:4)
  An unseen horror (D:12)
  2 hill giants (D:10)
  2 cyclopes (D:12)
  6 elephants (Lair:4)
  2 centaur zombies
  2 black mambas
  A gargoyle (D:12)
  4 spiny frogs
  A rime drake (Lair:2)
  8 komodo dragons
  A kobold demonologist (D:12)
  2 trolls
  Grinder (D:6)
  3 two-headed ogres
  3 blink frogs
  A snapping turtle (Lair:3)
  Sigmund (D:4)
  2 basilisks
  35 yaks
  A fire bat (Lair:1)
  5 hippogriffs
  Menkaure (D:6)
  Duvessa (D:5)
  9 water moccasins
  9 porcupines
  3 black bears
  10 orc warriors
  A phantom (D:7)
  3 sky beasts
  8 wolves
  2 centaurs
  3 ogres (D:9)
  4 crocodiles
  2 big kobolds (D:10)
  11 giant frogs
  A gnoll sergeant (D:9)
  Dowan (D:5)
  2 scorpions
  A wyvern skeleton (D:11)
  3 killer bees
  7 wights
  A vampire bat (D:8)
  An electric eel (Lair:4)
  4 howler monkeys (D:12)
  5 crimson imps
  3 giant frog zombies
  7 hounds
  3 jellies (D:6)
  15 orc wizards
  A gnoll shaman (D:9)
  11 orc priests
  Crazy Yiuf (D:5)
  2 centaur skeletons
  2 giant frog skeletons
  9 iguanas
  7 worker ants
  6 sheep (Lair:5)
  A hound skeleton (D:7)
  A howler monkey zombie (D:11)
  A worker ant zombie (D:5)
  Robin (D:4)
  8 gnolls
  9 adders
  47 river rats
  2 shadow imps
  An ooze (D:7)
  An adder skeleton (D:6)
  2 adder zombies
  5 worms
  A dart slug (D:1)
  8 giant geckos
  60 orcs
  10 bats
  3 bat skeletons (D:8)
  4 bat zombies (D:8)
  A giant cockroach (D:2)
  16 goblins
  12 hobgoblins
  17 jackals
  8 quokkas
  3 ball pythons
  A giant gecko skeleton (D:5)
  7 giant newts
  2 gnoll zombies (D:8)
  A jackal zombie (D:5)
  19 kobolds
  2 quokka skeletons
  A quokka zombie (D:5)
  15 rats
  2 plants
522 creatures vanquished.

Vanquished Creatures (collateral kills)
  Fannar (D:11)
  A hydra (Lair:4)
  A hill giant (D:11)
  A gargoyle (D:10)
  An efreet (D:13)
  A blink frog (Lair:1)
  A yak (D:11)
  2 fire bats (Lair:1)
  2 hippogriffs
  A sky beast (D:8)
  A wolf (Lair:4)
  A wyvern skeleton (D:8)
  5 killer bees
  A howler monkey (D:12)
  A giant frog zombie (D:12)
  A hound (D:8)
  An iguana (D:8)
  A worker ant (D:8)
  An adder (D:8)
  An adder skeleton (D:8)
  An orc (D:10)
27 creatures vanquished.

Vanquished Creatures (others)
  4 plants (Lair:4)
4 creatures vanquished.

Grand Total: 553 creatures vanquished

Notes
Turn   | Place    | Note
--------------------------------------------------------------
     0 | D:1      | Zerowithabang the Centaur Hunter began the quest for the Orb.
     0 | D:1      | Reached XP level 1. HP: 17/17 MP: 1/1
   196 | D:1      | Reached XP level 2. HP: 22/24 MP: 2/2
   549 | D:1      | Reached XP level 3. HP: 26/29 MP: 3/3
  1009 | D:2      | You fall through a shaft!
  1392 | D:2      | Reached XP level 4. HP: 29/36 MP: 4/4
  1737 | D:2      | Found a burning altar of Makhleb.
  1754 | D:2      | Became a worshipper of Makhleb the Destroyer
  2068 | D:2      | Found a bloodstained altar of Trog.
  2291 | D:3      | Found a deep blue altar of Sif Muna.
  2305 | D:3      | Reached * piety under Makhleb
  2485 | D:3      | Noticed Turgon's ghost (amateur TrFi)
  2508 | D:3      | Found a faded altar to an unknown god.
  2858 | D:4      | Reached XP level 5. HP: 42/42 MP: 5/5
  2864 | D:4      | Noticed a centaur
  3459 | D:4      | Noticed Robin
  3511 | D:4      | Killed Robin
  3652 | D:4      | Killed a centaur
  3652 | D:4      | Reached skill level 1 in Maces & Flails
  3652 | D:4      | Reached XP level 6. HP: 37/50 MP: 6/6
  3851 | D:3      | Reached ** piety under Makhleb
  4420 | D:4      | Found a staircase to the Ecumenical Temple.
  4423 | D:4      | Noticed Sigmund
  4445 | D:4      | Reached skill level 1 in Invocations
  4822 | D:4      | Killed Sigmund
  4822 | D:4      | Reached XP level 7. HP: 54/57 MP: 6/8
  5094 | D:5      | Entered Level 5 of the Dungeon
  5249 | D:5      | Found a shattered altar of Ashenzari.
  5249 | D:5      | Found a glowing silver altar of Zin.
  5331 | D:5      | Reached *** piety under Makhleb
  5420 | D:5      | Noticed Dowan
  5421 | D:5      | Noticed Duvessa
  5435 | D:5      | Killed Duvessa
  5439 | D:5      | Killed Dowan
  5549 | D:5      | Reached XP level 8. HP: 58/66 MP: 8/10
  5728 | D:5      | Got a scorched ring mail
  5739 | D:5      | Identified the +5 ring mail "Niroryen" {*Corrode rF+ MP+9 SInv} (You found it on level 5 of the Dungeon)
  6164 | D:5      | Noticed Crazy Yiuf
  6170 | D:5      | Killed Crazy Yiuf
  6329 | D:6      | Noticed Grinder
  6353 | D:6      | Paralysed by Grinder for 6 turns
  6420 | D:6      | Paralysed by Grinder for 5 turns
  6454 | D:6      | Killed Grinder
  6454 | D:6      | Reached skill level 1 in Armour
  6732 | D:6      | Noticed Menkaure
  6734 | D:6      | Reached skill level 5 in Fighting
  7162 | D:6      | Killed Menkaure
  7235 | D:6      | Reached XP level 9. HP: 57/74 MP: 12/12
  7263 | D:6      | Reached **** piety under Makhleb
  7327 | D:6      | You fall through a shaft for 3 floors!
  7574 | D:9      | Found a burning altar of Makhleb.
  8375 | D:7      | Reached skill level 5 in Invocations
  9415 | D:8      | Found a staircase to the Lair.
  9717 | D:8      | Found a basalt altar of Yredelemnul.
  9786 | D:8      | Found an oddly glowing altar of Pakellas.
  9786 | D:8      | Found Pakellas's Prime Provisions.
  9856 | D:8      | Found an ancient bone altar of Kikubaaqudgha.
  9937 | D:9      | Reached skill level 5 in Dodging
 10002 | D:9      | Reached skill level 5 in Maces & Flails
 10147 | D:9      | Reached ***** piety under Makhleb
 10224 | D:9      | Found a bloodstained altar of Trog.
 10248 | D:9      | Reached XP level 10. HP: 69/83 MP: 14/14
 10923 | D:10     | Entered Level 10 of the Dungeon
 10946 | D:10     | Noticed a gargoyle
 10988 | D:10     | Killed a gargoyle
 11324 | D:10     | Noticed Erica
 11381 | D:10     | Killed Erica
 11579 | D:10     | Noticed a hill giant
 11619 | D:10     | Killed a hill giant
 11780 | D:10     | Got a crude ring mail
 11791 | D:10     | Identified the +1 ring mail of Terror {rF+ MR- Int+7} (You took it off an orc on level 10 of the Dungeon)
 12166 | D:10     | Noticed a hill giant
 12233 | D:10     | Killed a hill giant
 12479 | D:11     | Found a staircase to the Orcish Mines.
 12535 | D:11     | Reached XP level 11. HP: 92/92 MP: 16/16
 12724 | D:11     | Found a white marble altar of Elyvilon.
 13141 | D:11     | Found Teonocs's Food Shoppe.
 13144 | D:11     | Bought a slice of pizza for 15 gold pieces
 13308 | D:11     | Noticed Fannar
 13773 | D:11     | Killed Fannar
 14454 | D:11     | Reached skill level 5 in Armour
 14928 | D:11     | Noticed a hill giant
 15009 | D:11     | Killed a hill giant
 16556 | D:12     | Found Duemuph's General Store.
 16556 | D:12     | Noticed an unseen horror
 16580 | D:12     | Killed an unseen horror
 17170 | D:12     | Reached XP level 12. HP: 104/104 MP: 18/18
 18059 | Lair:1   | Entered Level 1 of the Lair of Beasts
 18461 | Lair:1   | Got a shimmering marble ring
 18463 | Lair:1   | Identified the ring of Spontaneous Combustion {Str+6 Int+2 Dex+4 SInv} (You found it on level 1 of the Lair of Beasts)
 18953 | Lair:2   | Identified a scroll of acquirement
 18976 | Lair:2   | Reached ****** piety under Makhleb
 21080 | Lair:3   | Found a staircase to the Shoals.
 21690 | Lair:3   | Reached skill level 1 in Polearms
 22470 | Lair:4   | Reached skill level 10 in Invocations
 22804 | Lair:4   | Noticed a five-headed hydra
 22810 | Lair:4   | Killed a five-headed hydra
 22956 | Lair:4   | Reached skill level 10 in Bows
 23335 | Lair:4   | Noticed a death yak
 23335 | Lair:4   | Noticed a death yak
 23349 | Lair:4   | Killed a death yak
 23349 | Lair:4   | Reached skill level 1 in Staves
 23354 | Lair:4   | Noticed a death yak
 23354 | Lair:4   | Killed a death yak
 23355 | Lair:4   | Noticed a death yak
 23358 | Lair:4   | Noticed a death yak
 23389 | Lair:4   | Killed a death yak
 23389 | Lair:4   | Reached skill level 10 in Fighting
 23389 | Lair:4   | Reached XP level 13. HP: 113/113 MP: 20/20
 25043 | Lair:5   | Noticed Nessos
 25054 | Lair:5   | HP: 5/113 [Nessos/arrow (13)]
 25054 | Lair:5   | Shot with an arrow by Nessos

Skill      XL: |  1  2  3  4  5  6  7  8  9 10 11 12 13 |
---------------+----------------------------------------+-----
Bows           | 6 7 8 9 10 | 10.7
Dodging        | 2 3 4 5 6 7 |  7.9
Maces & Flails | 1 2 4 5 6 7 8 |  8.3
Fighting       | 3 4 5 6 7 9 10 | 10.3
Invocations    | 1 2 4 6 7 9 10 | 10.7
Armour         | 1 3 4 5 6 7 |  7.0
Polearms       | 3 |  3.1
Staves         | 1 2 |  2.4
Short Blades   | |  0.3
Stealth        | |  0.8

Action                   |  1- 3 |  4- 6 |  7- 9 | 10-12 | 13-15 || total
-------------------------+-------+-------+-------+-------+-------++-------
Melee: Short sword       |    51 |       |       |       |       ||    51
       Kick              |    10 |    23 |    39 |   170 |       ||   242
       Mace              |     9 |   142 |   186 |   514 |       ||   851
       Lajatang          |       |       |       |    21 |       ||    21
       Glaive            |       |       |       |    10 |       ||    10
 Fire: Shortbow          |    90 |   158 |   280 |   440 |       ||   968
       Longbow           |       |       |       |   165 |   121 ||   286
Invok: Lesser Servant of |       |       |     1 |    19 |     3 ||    23
       Minor Destruction |       |       |       |     6 |       ||     6
  Use: Scroll            |     5 |       |     1 |    30 |     1 ||    37
       Potion            |       |       |       |     4 |     1 ||     5
  Eat: Chunk             |       |     2 |       |     5 |       ||     7
       Meat ration       |       |     1 |     2 |     2 |     1 ||     6
       Bread ration      |       |     1 |       |       |       ||     1
       Beef jerky        |       |       |     1 |       |       ||     1
       Royal jelly       |       |       |       |     2 |       ||     2
       Pizza             |       |       |       |    10 |       ||    10
       Fruit             |       |       |       |     2 |       ||     2
Armor: Leather armour    |     8 |       |       |       |       ||     8
       Robe              |    22 |    98 |    52 |       |       ||   172
       Ring mail         |       |       |    61 |   423 |    38 ||   522
Dodge: Dodged            |    29 |   127 |   148 |   462 |    51 ||   817
